Workbook

Sheet 收入决算
A1: 2025年英吉沙县社会保险基金决算收入表
A2: 单位：万元
A3: 项 目 | B3: 2025年预算数 | C3: 2025年决算数 | D3: 完成率
A4: 全县社会保险基金收入合计 | B4: =B16 -> 10187 | C4: =C16 -> 10414 | D4: =C4/B4 -> 1.0222833
A5: 其中：保险费收入 | B5: =B17 -> 2373 | C5: =C17 -> 2526 | D5: =C5/B5 -> 1.0644753
A6: 财政补贴收入 | B6: =B18 -> 979 | C6: =C18 -> 979 | D6: =C6/B6 -> 1
A7: 利息收入 | B7: =B19 -> 181 | C7: =C19 -> 210 | D7: =C7/B7 -> 1.160221
A8: 一、企业职工基本养老保险基金收入
A9: 其中：保险费收入
A10: 利息收入
A11: 财政补贴收入
A12: 二、机关事业基本养老保险基金收入
A13: 其中：保险费收入
A14: 利息收入
A15: 财政补贴收入
A16: 三、城乡居民基本养老保险基金收入 | B16: 10187 | C16: 10414 | D16: =C16/B16 -> 1.0222833
A17: 其中：保险费收入 | B17: 2373 | C17: 2526 | D17: =C17/B17 -> 1.0644753
A18: 财政补贴收入 | B18: 979 | C18: 979 | D18: =C18/B18 -> 1
A19: 利息收入 | B19: 181 | C19: 210 | D19: =C19/B19 -> 1.160221
A20: 四、职工基本医疗保险基金收入
A21: 其中：保险费收入
A22: 利息收入
A23: 财政补贴收入
A24: 五、城乡居民基本医疗保险基金收入
A25: 其中：保险费收入
A26: 利息收入
A27: 财政补贴收入
A28: 六、工伤保险基金收入
A29: 其中：保险费收入
A30: 利息收入
A31: 财政补贴收入
... A35: 财政补贴收入

Sheet 支出决算
A1: 2025年英吉沙县社会保险基金支出决算表
A2: 单位：万元
A3: 项 目 | B3: 2025年预算数 | C3: 2025年决算数 | D3: 完成率
A4: 全县社会保险基金支出合计 | B4: =B10 -> 6449 | C4: 6387 | D4: =C4/B4 -> 0.99038611
A5: 其中：社会保险待遇支出 | B5: =B11 -> 6402 | C5: 6313 | D5: =C5/B5 -> 0.98609809
A6: 一、企业职工基本养老保险基金支出
A7: 其中：基本养老待遇支出
A8: 二、机关事业基本养老保险基金支出
A9: 其中：基本养老待遇支出
A10: 三、城乡居民基本养老保险基金支出 | B10: 6449 | C10: 6387 | D10: =C10/B10 -> 0.99038611
A11: 其中：基本养老待遇支出 | B11: 6402 | C11: 6313 | D11: =C11/B11 -> 0.98609809
A12: 四、职工基本医疗保险基金支出 | C12: =[1]预算总表!$F$14 -> 0
A13: 其中：基本医疗保险待遇支出 | C13: =[1]预算总表!$F$15 -> 0
A14: 五、城乡居民基本医疗保险基金支出 | C14: =[1]预算总表!$G$14 -> 0
A15: 其中：基本医疗保险待遇支出 | C15: =[1]预算总表!$G$15 -> 0
A16: 大病保险支出 | C16: =[1]城乡居民基本医疗收支预算表!$F$8 -> 0
A17: 六、工伤保险基金支出
A18: 其中：工伤保险待遇支出
A19: 七、失业保险基金支出
A20: 其中：失业保险待遇支出

Sheet 结余决算
A1: 2025年英吉沙县社会保险基金结余表
A2: 单位：万元
A3: 项 目 | B3: 2025年预算数 | C3: 2025年决算数 | D3: 完成率
A4: 全县社会保险基金本年收支结余 | B4: 3738 | C4: 4027 | D4: =C4/B4 -> 1.0773141
A5: 一、企业职工基本养老保险基金本年收支结余
A6: 二、机关事业基本养老保险基金本年收支结余
A7: 三、城乡居民基本养老保险基金本年收支结余 | B7: 3738 | C7: 4027 | D7: =C7/B7 -> 1.0773141
A8: 四、职工基本医疗保险基金本年收支结余
A9: 五、城乡居民基本医疗保险基金本年收支结余
A10: 六、失业保险基金本年收支结余
A11: 七、工伤保险基金本年收支结余
A12: 全县社会保险基金年末累计结余 | B12: 3738 | C12: 4027 | D12: =C12/B12 -> 1.0773141
A13: 一、企业职工基本养老保险基金年末累计结余
A14: 二、机关事业基本养老保险基金年末累计结余
A15: 三、城乡居民基本养老保险基金年末累计结余 | B15: 3738 | C15: 4027 | D15: =C15/B15 -> 1.0773141
A16: 四、职工基本医疗保险基金年末累计结余
A17: 五、城乡居民基本医疗保险基金年末累计结余 | C17: =[1]预算总表!$G$21 -> 0
A18: 六、失业保险基金年末累计结余
A19: 七、工伤保险基金年末累计结余
